 Dungeon Crawl Stone Soup version 0.30-a0-242-g7bf8e6d787 (webtiles) character file.

Game seed: 11814002670632527362

15359 ragingrage the Cleaver (level 12, -2/95 HPs)
             Began as a Formicid Delver on Oct 10, 2022.
             Was a Believer of Okawaru.
             Slain by a catoblepas (21 damage)
             ... on level 14 of the Dungeon on Oct 11, 2022.
             The game lasted 00:12:56 (10973 turns).

ragingrage the Cleaver (Formicid Delver)           Turns: 10973, Time: 00:12:56

Health: -2/95      AC: 20    Str: 21    XL:     12   Next: 56%
Magic:  21/21      EV: 10    Int: 23    God:    Okawaru [**....]
Gold:   544        SH:  0    Dex: 15    Spells: 11/11 levels left

rFire   . . .      SeeInvis +    u - +10 hand axe of the Brewing Enemy {vamp, Fragile MP+9 Int+6}
rCold   . . .      Faith    .    (no shield)
rNeg    . . .      Spirit   .    E - +2 chain mail {Will+}
rPois   +          Reflect  .    (helmet unavailable)
rElec   .          Harm     .    P - +1 cloak {rPois}
rCorr   .          Rampage  .    g - +2 pair of gloves {hurl}
Will    ++...                    p - +0 pair of boots
Stlth   ..........               (no amulet)
HPRegen 0.35/turn                n - ring of flight
MPRegen 0.17/turn                G - +6 ring of intelligence

@: flying
A: permanent stasis, dig shafts and tunnels, antennae 3, four strong arms
a: Dig, Shaft Self, Renounce Religion, Heroism


You were on level 14 of the Dungeon.
You worshipped Okawaru.
Okawaru was pleased with you.
You visited 2 branches of the dungeon, and saw 14 of its levels.

You collected 716 gold pieces.
You spent 172 gold pieces at shops.

Inventory:

Hand Weapons
 u - the +10 hand axe of the Brewing Enemy (weapon) {vamp, Fragile MP+9 Int+6}
   (You found it on level 2 of the Dungeon)

   It occasionally heals its wielder for a portion of the damage dealt when it
   wounds a living foe.
   Int:       It affects your intelligence (+6).
   MP:        It affects your magic capacity (+9).
   Fragile:   It will be destroyed if unequipped.
 F - a +4 mace of freezing
 V - a +0 scimitar of flaming
Missiles
 b - 3 curare-tipped darts
 x - 3 throwing nets
 C - 6 atropa-tipped darts
 I - 8 poisoned darts (quivered)
 J - 3 boomerangs
Armour
 g - a +2 pair of gloves of hurling (worn)
 m - a +4 chain mail
 p - a +0 pair of boots (worn)
 E - a +2 chain mail of willpower (worn)
 M - a +1 leather armour of fire resistance
 P - a +1 cloak of poison resistance (worn)
Jewellery
 n - a ring of flight (left hand)
 G - a +6 ring of intelligence (right hand)
 R - a +6 ring of intelligence
Wands
 f - a wand of digging (2)
 o - a wand of polymorph (3)
 w - a wand of paralysis (7)
 B - a wand of flame (15)
 L - a wand of mindburst (12)
 Q - a wand of light (3)
Scrolls
 c - a scroll of fog
 d - 3 scrolls of magic mapping
 q - 2 scrolls of enchant armour
 r - 3 scrolls of identify
 s - 4 scrolls of immolation
 t - 6 scrolls of enchant weapon
 y - 2 scrolls of torment
 z - a scroll of amnesia {unknown}
 A - 2 scrolls of brand weapon {unknown}
 K - a scroll of butterflies {unknown}
 O - 4 scrolls of vulnerability
 U - a scroll of poison {unknown}
Potions
 a - 2 potions of cancellation {unknown}
 h - 5 potions of lignification
 i - a potion of ambrosia {unknown}
 j - 4 potions of mutation
 k - 7 potions of curing
 v - 3 potions of flight {unknown}
 D - a potion of attraction {unknown}
 H - a potion of resistance {unknown}
 N - 3 potions of brilliance {unknown}
 S - a potion of haste {unknown}
 T - a potion of magic {unknown}


   Skills:
 + Level 9.2 Fighting
 - Level 14.0 Axes
 - Level 6.0 Throwing
 + Level 8.5 Armour
 - Level 5.0 Dodging
 - Level 6.0 Stealth
 - Level 3.0 Evocations


You had 11 spell levels left.
You didn't know any spells.
Your spell library contained the following spells:

 Spells                   Type           Power      Damage    Failure   Level
 Scorch                   Fire           0%         2d5       86%         2
 Ozocubu's Armour         Ice            0%         N/A       97%         3
 Stone Arrow              Conj/Erth      0%         3d7       97%         3
 Flame Wave               Conj/Fire      0%         2d4       100%        4
 Ozocubu's Refrigeration  Ice            0%         4d7       100%        7
 Lehudib's Crystal Spear  Conj/Erth      0%         10d2      100%        8
 Animate Armour           Summ/Erth      Unusable   N/A       N/A         4
 Summon Cactus Giant      Summ           Unusable   N/A       N/A         6

Dungeon Overview and Level Annotations

Branches:
Dungeon (14/15)            Temple (1/1) D:7            Lair (0/5) D:8
    Orc (0/2) D:9
 Vaults: D:13-14

Altars:
Ashenzari
Cheibriados
Dithmenos
Elyvilon
Fedhas
Gozag
Hepliaklqana
Kikubaaqudgha
Makhleb
Nemelex Xobeh
Okawaru
Qazlal
Ru
Sif Muna
Trog
Uskayaw
Vehumet
Wu Jian
Xom
Yredelemnul
Zin
The Shining One

Shops:
D:1 ?   D:2 [   D:3 *   D:9 =   D:11 (

Annotations:
D:8 3 runed translucent doors, porpoise's ghost, novice DsGl
D:11 Josephine


Innate Abilities, Weirdness & Mutations

You cannot be hasted, slowed, berserked, paralysed or teleported.
You can dig through walls and to a lower floor.
You have a pair of large antennae on your head. (SInv)
Your four strong arms can wield two-handed weapons with a shield.


Message History

The catoblepas is lightly wounded.
The harpy is engulfed in calcifying dust.
You hit the catoblepas but do no damage.
The catoblepas is lightly wounded.
The harpy is engulfed in calcifying dust. x2
The catoblepas gores you.
The harpy is engulfed in calcifying dust. x2
The catoblepas breathes a plume of calcifying dust at you.
The blast of calcifying dust hits you but does no damage.
The harpy is engulfed in calcifying dust. x3
The catoblepas closely misses you.
You slash the catoblepas!
You feel better.
The catoblepas is lightly wounded.
You hit the catoblepas.
You feel better.
The catoblepas is moderately wounded.
The catoblepas barely misses you.
You hit the catoblepas but do no damage.
The catoblepas is lightly wounded.
The catoblepas closely misses you.
You hit the catoblepas but do no damage.
The catoblepas is lightly wounded.
Press: ? - help, v - describe, . - travel
Here: a white ugly thing The floor.
Unknown command.
Unknown command.
Unknown command.
You slash the catoblepas!
The catoblepas is heavily wounded.
The catoblepas gores you!!
* * * LOW HITPOINT WARNING * * *
You slash the catoblepas!
The catoblepas is heavily wounded.
You slash the catoblepas!
You feel better.
The catoblepas is severely wounded.
The catoblepas barely misses you.
You hit the catoblepas.
The catoblepas is severely wounded.
The catoblepas gores you!!
You die...

##...~^........#....
....≈≈......H.......
#.≈≈.≈.u....#......
..≈#.≈u###.#.......
#≈ ##u≈≈.......###.
#≈##.#.....##### #.
#≈#H≈......# ##
#####..~≈.....#
#....@Y.~≈...##
##≈..#...≈...#
#≈≈≈##.......# ####
#.......# #.......#
#.......# #######


You could see a catoblepas, 3 ugly things and a harpy (petrified).

Vanquished Creatures
  Harold (D:9)
  Erica (D:11)
  A boulder beetle (D:14)
  4 two-headed ogres
  A manticore (D:11)
  Maurice (D:8)
  2 komodo dragons
  3 trolls
  3 wyverns
  2 wraiths (D:11)
  15 yaks
  A steam dragon (D:8)
  Grum (D:10)
  6 vampire mosquitoes (D:10)
  Edmund (D:6)
  2 water moccasins (D:8)
  6 orc warriors
  A black bear (D:8)
  2 ice beasts
  6 ogres
  3 wolves (D:10)
  2 centaurs
  A phantom (D:4)
  Blork the orc (D:6)
  7 bullfrogs
  3 kobold brigands
  5 necrophages
  2 gnoll sergeants
  4 scorpions
  A wyvern zombie (D:5)
  A water moccasin zombie (D:5)
  5 wights
  4 howler monkeys
  A jelly (D:8)
  A bullfrog zombie (D:5)
  11 orc priests
  Crazy Yiuf (D:7)
  A gnoll bouda (D:7)
  A human zombie (D:5)
  A hound (D:7)
  5 iguanas
  Ijyb (D:4)
  11 orc wizards
  2 hound zombies (D:5)
  4 mummies (D:5)
  Robin (D:3)
  23 gnolls
  12 adders
  2 river rats (D:3)
  A shadow imp (D:5)
  An ufetubus (D:4)
  An adder zombie (D:5)
  2 dart slugs
  41 orcs
  5 ball pythons
  4 bats
  5 endoplasms
  7 giant cockroaches
  13 goblins
  15 hobgoblins
  6 quokkas
  5 frilled lizards
  14 kobolds
  3 rats (D:3)
300 creatures vanquished.

Vanquished Creatures (others)
  47 fungi
  39 plants (D:8)
86 creatures vanquished.

Grand Total: 386 creatures vanquished

Notes
Turn   | Place    | Note
-------+----------+-------------------------------------------
     0 | D:5      | ragingrage the Formicid Delver began the quest for the Orb.
     0 | D:5      | Reached XP level 1. HP: 18/18 MP: 1/1
    55 | D:4      | Noticed an orc wizard
   188 | D:1      | Reached XP level 2. HP: 24/24 MP: 2/2
   462 | D:1      | Reached skill level 3 in Axes
   641 | D:1      | Found Okihuc's Magic Scroll Shoppe.
   930 | D:2      | Reached XP level 3. HP: 25/29 MP: 3/3
   977 | D:2      | Found Deicixky's Antique Armour Boutique.
  1044 | D:2      | Reached skill level 4 in Axes
  1044 | D:2      | Reached XP level 4. HP: 29/35 MP: 4/4
  1216 | D:2      | Found a faded altar of an unknown god.
  1484 | D:2      | Identified the +10 hand axe of the Brewing Enemy {vamp,
                  | Fragile MP+9 Int+6}
  1730 | D:3      | Noticed Robin
  1738 | D:3      | Reached XP level 5. HP: 41/41 MP: 5/5
  1750 | D:3      | Killed Robin
  1751 | D:3      | Reached skill level 5 in Axes
  1763 | D:3      | Found a broken altar of Ashenzari.
  2030 | D:3      | Reached XP level 6. HP: 46/47 MP: 6/6
  2165 | D:3      | Found Gaonk's Assorted Antiques.
  2178 | D:3      | Reached skill level 6 in Axes
  2181 | D:3      | Bought a scroll labelled CEILUSSASOS for 20 gold pieces
  2181 | D:3      | Bought a scroll labelled CUIWAZ NAICUA for 20 gold pieces
  2181 | D:3      | Bought a scroll labelled YHOAHO LEGGOZE for 20 gold pieces
  2311 | D:4      | Noticed an ogre
  2397 | D:2      | Bought a pair of runed gloves for 112 gold pieces
  2439 | D:4      | Killed an ogre
  2440 | D:4      | Reached XP level 7. HP: 52/52 MP: 7/7
  2565 | D:4      | Reached skill level 7 in Axes
  2673 | D:4      | Noticed Ijyb
  2680 | D:4      | Killed Ijyb
  3002 | D:4      | Reached skill level 8 in Axes
  3385 | D:5      | Reached XP level 8. HP: 38/58 MP: 8/8
  3810 | D:5      | Reached skill level 9 in Axes
  4335 | D:5      | Reached skill level 10 in Axes
  4359 | D:5      | Found a basalt altar of Yredelemnul.
  4593 | D:5      | Reached XP level 9. HP: 64/64 MP: 9/9
  4776 | D:6      | Found an ancient bone altar of Kikubaaqudgha.
  4779 | D:6      | Found a blossoming altar of Fedhas.
  4829 | D:6      | Reached skill level 11 in Axes
  5060 | D:6      | Noticed Blork the orc
  5065 | D:6      | Noticed Edmund
  5068 | D:6      | Killed Blork the orc
  5085 | D:6      | Killed Edmund
  5203 | D:6      | Reached skill level 12 in Axes
  5417 | D:6      | Found a glowing golden altar of the Shining One.
  5842 | D:6      | Reached skill level 13 in Axes
  6161 | D:7      | Reached XP level 10. HP: 69/70 MP: 10/10
  6242 | D:7      | Reached skill level 14 in Axes
  6356 | D:7      | Reached skill level 1 in Armour
  6409 | D:7      | Found a staircase to the Ecumenical Temple.
  6416 | D:7      | Reached skill level 1 in Evocations
  6420 | D:7      | Reached skill level 1 in Throwing
  6429 | Temple   | Entered the Ecumenical Temple
  6906 | D:7      | Found a runed translucent door.
  6907 | D:7      | Noticed Crazy Yiuf
  6914 | D:7      | Killed Crazy Yiuf
  7229 | D:8      | Found a staircase to the Lair.
  7291 | D:8      | Noticed Maurice
  7307 | D:8      | Killed Maurice
  7423 | D:8      | Reached XP level 11. HP: 58/78 MP: 11/11
  7475 | D:8      | Found a hazy altar of Hepliaklqana.
  7476 | D:8      | Found a shimmering altar of Xom.
  7510 | D:8      | Found a sacrificial altar of Ru.
  7516 | D:8      | Found a shimmering blue altar of Sif Muna.
  7517 | D:8      | Found a white marble altar of Elyvilon.
  7518 | D:8      | Found an opulent altar of Gozag.
  7523 | D:8      | Found a radiant altar of Vehumet.
  7560 | D:8      | Reached skill level 5 in Fighting
  7655 | D:8      | Found a runed translucent gate.
  7656 | D:8      | Found a runed translucent gate.
  7657 | D:8      | Found a runed translucent gate.
  7660 | D:8      | Noticed porpoise's ghost (novice DsGl)
  7977 | D:9      | Noticed Harold
  7992 | D:9      | Killed Harold
  8049 | D:9      | Found Zaocubb's Jewellery Boutique.
  8108 | D:9      | Found a glowing silver altar of Zin.
  8195 | D:9      | Found a staircase to the Orcish Mines.
  8439 | D:9      | Noticed a two-headed ogre
  8448 | D:9      | Killed a two-headed ogre
  8588 | D:9      | Noticed a two-headed ogre
  8598 | D:9      | Killed a two-headed ogre
  8599 | D:9      | Reached skill level 5 in Armour
  9064 | D:10     | Entered Level 10 of the Dungeon
  9122 | D:10     | Noticed Grum
  9133 | D:10     | Reached skill level 5 in Throwing
  9133 | D:10     | Reached skill level 5 in Dodging
  9139 | D:10     | Killed Grum
  9372 | D:10     | Noticed a two-headed ogre
  9396 | D:10     | Found an iron altar of Okawaru.
  9398 | D:10     | Killed a two-headed ogre
  9403 | D:10     | Became a worshipper of Warmaster Okawaru
  9596 | D:10     | Reached XP level 12. HP: 91/91 MP: 12/12
  9643 | D:10     | Upgraded the game from 0.30-a0-241-g1121274140 to
                  | 0.30-a0-242-g7bf8e6d787
  9991 | D:10     | Reached * piety under Okawaru
 10220 | D:11     | Identified the +1 ring mail of Toothy Freedom {rElec Int+5}
 10236 | D:11     | Noticed Erica
 10259 | D:11     | Killed Erica
 10332 | D:11     | Found Giackil's Weapon Emporium.
 10647 | D:11     | Noticed Josephine
 10660 | D:11     | You are sucked into a shaft and drop 2 floors!
 10734 | D:13     | Noticed a skeletal warrior
 10736 | D:13     | Noticed a centaur warrior
 10830 | D:14     | Noticed a two-headed ogre
 10841 | D:14     | Killed a two-headed ogre
 10841 | D:14     | Reached ** piety under Okawaru
 10915 | D:14     | Noticed a boulder beetle
 10940 | D:14     | HP: 2/95 [boulder beetle (19)]
 10941 | D:14     | Killed a boulder beetle
 10954 | D:14     | Noticed a catoblepas
 10973 | D:14     | Slain by a catoblepas

Illustrated notes

Levels and vault maps discovered:
D:1:      lightli_arrival_isolated_outpost, layout_basic, serial_shops,
          nicolae_shop_trees
D:2:      layout_basic, hellmonk_ecumenical_altar_lost_god, serial_shops,
          nicolae_shop_stone, minmay_fractal_squares_5
D:3:      layout_rooms, lemuel_crystal_altar, portal_sewer_entry_c,
          serial_shops, nicolae_shop_advertising_works
          [nicolae_subvault_shop_adworks], uniq_robin
D:4:      layout_loops_corners, minmay_circle_x, uniq_ijyb
D:5:      layout_loops_ring, lemuel_mausoleum_altar_yredelemnul
D:6:      layout_basic, grunt_temple_overflow_growth_and_decay,
          tso_oasis_becter, minivault_25, kennysheep_diamond, uniq_edmund,
          uniq_blork_the_orc
D:7:      layout_rooms, minmay_temple_entry_drinking_statues, serial_glass,
          glass_columns_a, glass_columns_a, item_on_display_a, feat_on_display,
          feat_on_display, feat_on_display, hex_large, uniq_crazy_yiuf_cottage
D:8:      layout_loops_ring, regret_index_temple_of_mockery, minitemple,
          due_lair_maze_entry_diamond, ebering_ghost_rock_garden, uniq_maurice
D:9:      layout_loops_ring, zin_treasury, minmay_orc_entry_temple_small,
          serial_shops, nicolae_shop_waterfront, minmay_misc_feat_enclosed,
          grunt_decor_one_mirror, uniq_harold
D:10:     layout_basic, okawaru_ov_weapons_minmay, hex_medium, uniq_grum
D:11:     layout_irregular_city, serial_shops, shop, corexii_corridor_pit,
          minmay_misc_feat_pillars, uniq_josephine, uniq_erica
D:13:     layout_basic, grunt_vaults_entry_fortified, uniq_nessos
D:14:     layout_rooms, hangedman_ru_absence, chequers_serial_rivers_small_b,
          eino_small_chamber_without_monster
Temple:   nicolae_temple_ecumenical_triangle

Skill      XL: |  1  2  3  4  5  6  7  8  9 10 11 12 |
---------------+-------------------------------------+-----
Axes           | 3 4 5 6 8 10 13 14 | 14.0
Dodging        | 3 5 |  5.0
Armour         | 3 6 8 |  8.5
Evocations     | 3 |  3.0
Throwing       | 2 5 6 |  6.0
Fighting       | 4 7 9 |  9.2
Stealth        | |  6.0

Action                   |  1- 3 |  4- 6 |  7- 9 | 10-12 || total
-------------------------+-------+-------+-------+-------++-------
Melee: Hand axe          |    84 |   128 |   265 |   553 ||  1030
       Punch             |       |     1 |     3 |     5 ||     9
Throw: Boomerang         |       |       |     3 |       ||     3
       Throwing net      |       |       |     1 |       ||     1
       Dart              |       |       |       |    22 ||    22
 Abil: Shaft Self        |       |       |       |     1 ||     1
Evoke: Wand              |       |       |       |     1 ||     1
  Use: Scroll            |       |     6 |       |     7 ||    13
       Potion            |       |       |       |     3 ||     3
 Stab: Sleeping          |     3 |     7 |    14 |     1 ||    25
       Distracted        |       |       |     1 |       ||     1
       Petrifying        |       |       |       |     1 ||     1
Armor: Leather armour    |     5 |       |       |       ||     5
       Chain mail        |    47 |    58 |       |   138 ||   243
       Swamp dragon scal |       |    39 |    87 |    38 ||   164
Dodge: Dodged            |    59 |    64 |   106 |   169 ||   398

Table legend: (Time is in decaauts)
 A = Elapsed time spent in this place.
 B = Non-inter-level travel time spent in this place.
 C = Inter-level travel time spent in this place.
 D = Time resting spent in this place.
 E = Time spent auto-exploring this place.
 F = Levels seen in this place.
 G = Mean time per level.
                   A        B        C        D        E       F      G
               +--------+--------+--------+--------+--------+-----+--------+
         Total |  10716 |  10018 |    698 |   1222 |   6707 |  14 |  765.4 |
       Dungeon |  10674 |   9993 |    681 |   1222 |   6689 |  13 |  821.1 |
        Temple |     42 |     25 |     17 |      0 |     18 |   1 |   42.0 |
               +--------+--------+--------+--------+--------+-----+--------+

Top non-repeatable levels by time:
     D:5: 1417 daAuts
     D:6: 1320 daAuts
    D:10: 1083 daAuts
     D:4: 1063 daAuts
     D:9: 1043 daAuts
     D:8: 952 daAuts
     D:2: 865 daAuts
     D:1: 779 daAuts
     D:7: 774 daAuts
     D:3: 647 daAuts
    D:11: 428 daAuts
    D:14: 201 daAuts
    D:13: 96 daAuts
  Temple: 42 daAuts
